 Dungeon Sprint DCSS version 0.31-a0-986-g5e6e4ef867 (webtiles) character file.

Game seed: 13949903479781301750

523511 rocky1 the End of an Era (level 27, 249/249 HPs)
             Began as a Demonspawn Gladiator on Nov 24, 2023.
             Was the Champion of Qazlal.
             Quit the game in the Dungeon (Sprint VI: "Thunderdome").
             The game lasted 01:24:41 (8743 turns).

rocky1 the End of an Era (Demonspawn Gladiator)     Turns: 8743, Time: 01:24:42

Health: 249/249    AC: 68    Str: 23    XL:     27
Magic:  59/59      EV: 51    Int: 10    God:    Qazlal [******]
Gold:   14057      SH:  8    Dex: 46    Spells: 49/80 levels left

rFire   + + +        a - +9 demon blade (vamp)
rCold   + . .        p - orb of Dispater {+Damnation *Corrode AC+5}
rNeg    + . .        I - +12 gold dragon scales
rPois   +            P - +2 helmet of Fun {Regen+ rCorr Dex+2}
rElec   +            n - +4 dragonskin cloak
rCorr   +            (gloves unavailable)
SInv    .            Q - +5 pair of boots of Wiula {Dex+3}
Will    ++...        v - amulet "Atitiwar" {Acrobat rF- Str+4 Dex+6} Stlth
                     C - ring "Coukorr" {rPois rF+++ rN+ Will-}
HPRegen 1.41/turn    w - ring of Tyfup {AC+4 Dex+9}
MPRegen 0.72/turn

%: no teleportation, corrode self (3%), repel missiles, acrobat, guardian spirit
@: acrobatic
A: claws 3, foul stench 3, augmentation 3, magic shield, magic regeneration,
magic link, sharp scales 3, agile 1, high MP 1, strong-willed 1, electricity
resistance
0: Orb of Zot
}: 10/15 runes: decaying, barnacled, slimy, elven, silver, iron, icy, demonic,
magical, dark
a: Renounce Religion, Evoke Damnation, Upheaval, Elemental Force, Disaster Area


You were in the Dungeon.
You worshipped Qazlal.
Qazlal was exalted by your worship.
You visited 1 branch You collected 44550 gold pieces.
You spent 30493 gold pieces at shops.

Inventory:

Hand Weapons
 a - a +9 vampiric demon blade (weapon)
 b - a +9 heavy hand cannon
 H - the +6 demon blade of Conscience {pain, rF++}
   (You found it in the Dungeon)

   rF++:      It greatly protects you from fire.
Missiles
 d - 3 throwing nets (quivered)
 e - a javelin
Armour
 n - the +4 dragonskin cloak (worn)
   (You took it off Tiamat in the Dungeon)

   Avatar's Aegis: It grants the wearer a chance to resist fire, cold, poison,
   electricity, acid, and negative energy.
 p - the orb of Dispater (worn) {+Damnation *Corrode AC+5}
   (You took it off Dispater in the Dungeon)

   +Damnation: It grants the ability to hurl damnation at the cost of health and
   magic, with strength depending on Evocations skill.
   AC+5:      It affects your AC (+5).
   *Corrode:  It may corrode you when you take damage.
 G - the +2 pair of boots "Jemn" {rElec}
   (You bought it in a shop in the Dungeon)

   rElec:     It insulates you from electricity.
 I - +12 gold dragon scales (worn)
 O - the +0 hat of Poor Excuses {Rampage +Inv Str+3 Slay+2}
   (You bought it in a shop in the Dungeon)

   Str+3:     It affects your strength (+3).
   Slay+2:    It affects your accuracy & damage with ranged weapons and melee
   (+2).
   +Inv:      It lets you turn invisible.
   Rampage:   It bestows one free step when moving towards enemies.
 P - the +2 helmet of Fun (worn) {Regen+ rCorr Dex+2}
   (You bought it in a shop in the Dungeon)

   Dex+2:     It affects your dexterity (+2).
   Regen+:    It increases your rate of health regeneration.
   rCorr:     It protects you from acid and corrosion.
 Q - the +5 pair of boots of Wiula (worn) {Dex+3}
   (You bought it in a shop in the Dungeon)

   Dex+3:     It affects your dexterity (+3).
 U - the +1 kite shield of Gravity {Will+ MP+9}
   (You bought it in a shop in the Dungeon)

   Will+:     It increases your willpower.
   MP+9:      It affects your magic capacity (+9).
Jewellery
 j - the ring "Sonnesch" {rN+ Will+ Str+3 Int-5}
   (You bought it in a shop in the Dungeon)

   [ring of willpower]

   Str+3:     It affects your strength (+3).
   Int-5:     It affects your intelligence (-5).
   rN+:       It protects you from negative energy.
   Will+:     It increases your willpower.
 t - the amulet "Wesug" {rC- Regen+ Int+6}
   (You bought it in a shop in the Dungeon)

   [amulet of regeneration]

   Int+6:     It affects your intelligence (+6).
   rC-:       It makes you vulnerable to cold.
   Regen+:    It increases your rate of health regeneration.
 v - the amulet "Atitiwar" (around neck) {Acrobat rF- Str+4 Dex+6}
   (You bought it in a shop in the Dungeon)

   [amulet of the acrobat]

   Acrobat:   It increases your evasion while moving and waiting.
   Str+4:     It affects your strength (+4).
   Dex+6:     It affects your dexterity (+6).
   rF-:       It makes you vulnerable to fire.
 w - the ring of Tyfup (right claw) {AC+4 Dex+9}
   (You bought it in a shop in the Dungeon)

   [ring of protection]

   AC+4:      It affects your AC (+4).
   Dex+9:     It affects your dexterity (+9).
 x - the ring "Jihux" {Wiz Will+ Stlth+}
   (You bought it in a shop in the Dungeon)

   [ring of wizardry]

   Wiz:       It improves your spell success rate.
   Will+:     It increases your willpower.
   Stlth+:    It makes you more stealthy.
 z - the ring "Ytifoz" {rC+ Will+ EV+5}
   (You bought it in a shop in the Dungeon)

   [ring of evasion]

   EV+5:      It affects your evasion (+5).
   rC+:       It protects you from cold.
   Will+:     It increases your willpower.
 C - the ring "Coukorr" (left claw) {rPois rF+++ rN+ Will-}
   (You bought it in a shop in the Dungeon)

   [ring of positive energy]

   rF+++:     It renders you almost immune to fire.
   rPois:     It protects you from poison rN+: It protects you from negative
   energy.
   Will-:     It decreases your willpower.
 D - the ring of Mudi {Will+ MP+9}
   (You bought it in a shop in the Dungeon)

   [ring of magical power]

   Will+:     It increases your willpower.
   MP+9:      It affects your magic capacity (+9).
Wands
 m - a wand of light (5)
 u - a wand of mindburst (10)
Scrolls
 c - 6 scrolls of silence
 k - 22 scrolls of blinking
 o - 24 scrolls of fog
 y - 4 scrolls of enchant armour
 A - a scroll of enchant weapon
Potions
 f - 19 potions of curing
 g - 30 potions of heal wounds
 h - 33 potions of haste
 i - 22 potions of magic
 l - 23 potions of resistance
 B - 12 potions of brilliance
 J - 9 potions of might
 M - 4 potions of mutation
Miscellaneous
 q - a quad damage
 r - a quad damage
 s - a quad damage
 E - a lightning rod (4/4)


   Skills:
 O Level 27 Fighting
 O Level 27 Long Blades
 - Level 10.0 Ranged Weapons
 - Level 3.3 Throwing
 O Level 27 Armour
 O Level 27 Dodging
 - Level 2.3 Stealth
 O Level 27 Shields
 O Level 27 Spellcasting
 + Level 20.6 Hexes
 + Level 22.3 Necromancy
 + Level 19.0 Translocations
 + Level 19.0 Air Magic
 O Level 27 Invocations
 + Level 23.6 Evocations


You had 49 spell levels left.
You knew the following spells:

 Your Spells              Type           Power      Damage    Failure   Level
a - Blink                 Tloc           100%       N/A       0%          2
b - Silence               Hex/Air        43%        N/A       1%          5
c - Enfeeble              Hex            44%        N/A       3%          7
d - Discord               Hex            44%        N/A       26%         8
e - Death's Door          Necr           45%        N/A       91%         9

Your spell library contained the following spells:

 Spells                   Type           Power      Damage    Failure   Level
 Lesser Beckoning         Tloc           100%       N/A       0%          2
 Confusing Touch          Hex            88%        N/A       0%          3
 Kiss of Death            Conj/Necr      100%       2d13      1%          1
 Ensorcelled Hibernation  Hex/Ice        100%       N/A       1%          2
 Momentum Strike          Conj/Tloc      100%       3d10      1%          2
 Poisonous Vapours        Pois/Air       100%       N/A       1%          2
 Gell's Gravitas          Tloc           85%        N/A       1%          3
 Swiftness                Air            85%        N/A       1%          3
 Teleport Other           Tloc           85%        N/A       1%          3
 Volatile Blastmotes      Fire/Tloc      100%       2d18      1%          3
 Anguish                  Hex/Necr       45%        N/A       1%          4
 Animate Dead             Necr           91%        N/A       1%          4
 Cause Fear               Hex            44%        N/A       1%          4
 Dispel Undead            Necr           91%        3d29      1%          4
 Passage of Golubria      Tloc           85%        N/A       1%          4
 Fulminant Prism          Conj/Hex       33%        3d15      2%          4
 Leda's Liquefaction      Hex/Erth       33%        N/A       2%          4
 Iskenderun's Mystic Bla  Conj/Tloc      64%        2d13      3%          4
 Mephitic Cloud           Conj/Pois/Air  55%        N/A       4%          3
 Summon Mana Viper        Hex/Summ       66%        N/A       8%          5
 Summon Forest            Summ/Tloc      32%        N/A       11%         5
 Borgnjor's Revivificati  Necr           45%        N/A       14%         8
 Infestation              Necr           45%        N/A       14%         8
 Sting                    Tmut/Pois      100%       1d8       19%         1
 Passwall                 Tmut/Erth      24%        N/A       28%         2
 Freezing Cloud           Conj/Ice/Air   27%        6-21      36%         5
 Disjunction              Tloc           42%        N/A       45%         8
 Ozocubu's Armour         Ice            29%        N/A       50%         3
 Conjure Ball Lightning   Conj/Air       32%        3x3d10    52%         6
 Haunt                    Necr/Summ      34%        N/A       86%         7
 Olgreb's Toxic Radiance  Pois           29%        N/A       88%         4
 Malign Gateway           Summ/Tloc      32%        N/A       97%         7
 Iskenderun's Battlesphe  Conj           29%        2d8       99%         5
 Lee's Rapid Deconstruct  Erth           14%        3d9*      99%         5
 Bombard                  Conj/Erth      14%        9d3       100%        6
 Summon Cactus Giant      Summ           14%        N/A       100%        6
 Ozocubu's Refrigeration  Ice            14%        4d10      100%        7
 Spellforged Servitor     Conj/Summ      14%        N/A       100%        7
 Lehudib's Crystal Spear  Conj/Erth      14%        10d5      100%        8
 Summon Horrible Things   Summ           14%        N/A       100%        8
 Chain Lightning          Conj/Air       32%        3d42      100%        9
 Fire Storm               Conj/Fire      14%        8d4       100%        9
 Shatter                  Erth           14%        3d14*     100%        9


Dungeon Overview and Level Annotations

Branches:
Dungeon (1/1)

Altars:
Cheibriados
Dithmenos
Fedhas
Gozag
Kikubaaqudgha
Makhleb
Okawaru
Qazlal
Ru
Sif Muna
Trog
Uskayaw
Vehumet
Wu Jian
Xom
Yredelemnul
Lugonu

Shops:
D [=??*?*[((!!


Innate Abilities, Weirdness & Mutations

You have claws for hands.
You frequently emit foul miasma when damaged in melee.
Your magical and physical power is greatly enhanced at high health.
When hurt, damage is shared between your health and your magic reserves.
You regenerate magic rapidly.
When low on magic, you restore magic in place of health.
You are completely covered in razor-sharp scales. (AC +3, Slay +3)
You are agile. (Dex +4, Str/Int -1)
You have an increased reservoir of magic. (+10% MP)
You are strong-willed. (Will+)
You are resistant to electric shocks. (rElec)


Message History

Things that are here:
a +0 arbalest; a +0 robe; a +0 hand cannon
Items here: )))))))))))) [[[[.
You see here a +0 arbalest.
Items here: )) [[.
A hellion comes into view.
The hellion gestures at you.
The sphere of damnation explodes!
The damnation engulfs you!!!
Items here: )))) [[.
Aiming: Hurl Damnation
Press: ? - help, Shift-Dir - straight line, f - hellion
Aim: a hellion The sphere of damnation explodes!
The damnation engulfs the hellion.
The hellion completely resists.
You feel the orb feeding on your energy!
Unknown command.
Things that are here:
a +0 tower shield; a +0 robe The hellion completely misses you.
The hellion gestures at you.
The sphere of damnation explodes!
The damnation engulfs you!!
The damnation engulfs the hellion.
The hellion completely resists.
You slice the hellion!!
The hellion is almost dead.
You chop the hellion into pieces!!!
You kill the hellion!
Qazlal accepts your kill.
Your Air Magic skill increases to level 19!
Items here: ))) [[.
You start resting.
Magic restored.
Items here: ))) [.
Things that are here:
a +3 whip of holy wrath; a +1 whip of holy wrath You start resting.
HP restored.
Items here: )) [[[[[.
Items here: ) [[[[[.
You see here a +0 dire flail.
Are you sure you want to abandon this character and quit the game? (Confirm with "yes".)

#_[[[.....# ###[))..))))###
#)[..[[)[...))#
######)8...).....8.#####
##∩___).....###...)[)._)∩
###[[).))...8.# #.8.)).....
##.......[°..[.###...)..†...
#⌠().[....○.###...###).††...
#⌠.).[....§@# #...# #.....))
#⌠.......○.)###..)###)...)..
##...)....☼.)|.###.)........
###∩........8.# #.8........
##∩.__....).###).....___[
######.8)[)......8.#####
#)......)....)#
###.).......### #_......._#


There were no monsters in sight!

Vanquished Creatures
  Antaeus (D)
  Mara (D)
  Gloorx Vloq (D)
  Lom Lobon (D)
  Dispater (D)
  Tiamat (D)
  2 ancient liches (D)
  5 pandemonium lords (D)
  An acid blob (D)
  An orb of fire (D)
  14 royal mummies (D)
  A Killer Klown (D)
  Fannar (D)
  Geryon (D)
  4 golden dragons (D)
  4 bone dragons (D)
  11 pearl dragons (D)
  An iron giant (D)
  2 profane servitors (D)
  An electric golem (D)
  16 hellephants (D)
  12 Orb Guardians (D)
  3 Hell Sentinels (D)
  5 quicksilver dragons (D)
  2 Executioners (D)
  Kirke (D)
  5 shadow dragons (D)
  5 storm dragons (D)
  A nagaraja (D)
  14 daevas (D)
  A merfolk avatar (D)
  12 iron dragons (D)
  A nargun (D)
  2 balrugs (D)
  10 ghost moths (D)
  Louise (D)
  30 reapers (D)
  13 angels (D)
  A ghoul (D)
  2 cacodemons (D)
  An ophan (D)
  A black draconian (D)
  8 lorocyprocas (D)
  6 apis (D)
  A deep elf annihilator (D)
  15 ettins (D)
  7 fire dragons (D)
  An eidolon (D)
  12 mummy priests (D)
  A green death (D)
  A merfolk impaler (D)
  36 yaktaur captains (D)
  21 hell beasts (D)
  An arcanist (D)
  Erolcha (D)
  24 spriggan air magi (D)
  2 hydras (D)
  2 catoblepae (D)
  A boulder beetle (D)
  6 two-headed ogres (D)
  16 dancing weapons (D)
  4 hell hogs (D)
  2 demonic crawlers (D)
  3 soul eaters (D)
  4 shock serpents (D)
  2 sun demons (D)
  3 shadow wraiths (D)
  2 sixfirhies (D)
  2 cherubim (D)
  A phantasmal warrior (D)
  2 orc knights (D)
  A mana viper (D)
  3 manticores (D)
  11 ugly things (D)
  15 shining eyes (D)
  A cyclops (D)
  12 moths of wrath (D)
  A naga mage (D)
  2 rust devils (D)
  5 unseen horrors (D)
  5 yaktaurs (D)
  An ice devil (D)
  3 hellions (D)
  A red devil (D)
  A tormentor (D)
  A polar bear (shapeshifter) (D)
  6 queen bees (D)
  A merfolk (D)
  A wind drake (D)
  3 dream sheep (D)
  7 air elementals (D)
  Sigmund (D)
  A vampire (D)
  6 wraiths (D)
  6 yaks (D)
  A steam dragon (D)
  3 large abominations (D)
  14 vampire mosquitoes (D)
  2 nagas (D)
  6 sky beasts (D)
  10 ogres (D)
  A scorpion (D)
  2 wights (D)
  10 killer bees (D)
  Terence (D)
  An adder (D)
  2 worms (D)
  An endoplasm (D)
  2 giant cockroaches (D)
  A kobold (D)
  6 ball lightnings (D)
  3 fire vortices (D)
542 creatures vanquished.

Vanquished Creatures (others)
  An Orb Guardian (D)
  An eldritch tentacle (D)
  A balrug (D)
  A sun demon (D)
  A sky beast (D)
5 creatures vanquished.

Grand Total: 547 creatures vanquished

Notes
Turn   | Place    | Note
-------+----------+-------------------------------------------
     0 | D        | rocky1 the Demonspawn Gladiator began the quest for the
                  | Orb.
     0 | D        | Reached XP level 1. HP: 16/16 MP: 1/1
     3 | D        | Found an iron altar of Okawaru.
     3 | D        | Found a corrupted altar of Lugonu.
     4 | D        | Found a shimmering blue altar of Sif Muna.
     4 | D        | Found a bloodstained altar of Trog.
     5 | D        | Found a burning altar of Makhleb.
     5 | D        | Round 1.
     6 | D        | Found Emaducohi's Identification Station.
     6 | D        | Found an ornate altar of the Wu Jian Council.
     6 | D        | Found a blossoming altar of Fedhas.
     6 | D        | Found Bofoev's Timeless Talismans.
     8 | D        | Found a shimmering altar of Xom.
     8 | D        | Found Tigaul's Premium Goods.
     8 | D        | Found Siepeh's Weapon Rack.
     9 | D        | Found Sounebb's Miscellaneous Merchandise.
     9 | D        | Found Rody's Basic Armour.
    12 | D        | Found a basalt altar of Yredelemnul.
    13 | D        | Found a hide-covered altar of Uskayaw.
    14 | D        | Found a sacrificial altar of Ru.
    16 | D        | Found Kecetaek's Do-It-Yourself Clinic.
    16 | D        | Found a stormy altar of Qazlal.
    16 | D        | Found Bygezy's Distillery.
    17 | D        | Found Ybysathru's Bottled Wisdom.
    17 | D        | Found Dagypnug's Distillery.
    21 | D        | Found a shadowy altar of Dithmenos.
    33 | D        | Became a worshipper of Qazlal Stormbringer
    46 | D        | Noticed Sigmund
    50 | D        | Killed Sigmund
    51 | D        | Reached skill level 1 in Armour
    51 | D        | Reached skill level 5 in Dodging
    51 | D        | Reached skill level 5 in Invocations
    51 | D        | Reached skill level 1 in Evocations
    51 | D        | Gained mutation: You are partially covered in razor-sharp
                  | scales. (AC +1, Slay +1) [demonic ancestry]
    51 | D        | Reached XP level 2. HP: 21/24 MP: 1/5
    51 | D        | Gained mutation: You have sharp fingernails. [demonic
                  | ancestry]
    51 | D        | Reached XP level 3. HP: 26/29 MP: 1/7
    51 | D        | Reached XP level 4. HP: 31/35 MP: 1/8
    51 | D        | Gained mutation: You have very sharp fingernails. [demonic
                  | ancestry]
    51 | D        | Reached XP level 5. HP: 36/41 MP: 1/9
    54 | D        | Found a radiant altar of Vehumet.
    54 | D        | Found Wiwutz's Staff Store.
    54 | D        | Found Oczax's Must-Have Magic.
    67 | D        | Found Ushixig's Magic Scroll Shop.
    68 | D        | Found a snail-covered altar of Cheibriados.
    68 | D        | Found an ancient bone altar of Kikubaaqudgha.
    68 | D        | Found an opulent altar of Gozag.
    68 | D        | Found Tahy's Magic Scroll Shop.
    70 | D        | Noticed Terence
    73 | D        | Killed Terence
    73 | D        | Reached * piety under Qazlal
    83 | D        | Found Xinn's Jewellery.
    83 | D        | Found Fesargh's Advanced Armour.
    92 | D        | Bought a scorched steel amulet for 45 gold pieces
    92 | D        | Identified the amulet "Atitiwar" {Acrobat rF- Str+4 Dex+6}
                  | (You bought it in a shop in the Dungeon)
    92 | D        | Bought a bound iron ring for 45 gold pieces
    92 | D        | Identified the ring "Zyukis" {rPois Dex+2} (You bought it
                  | in a shop in the Dungeon)
    92 | D        | Bought an ancient granite ring for 45 gold pieces
    92 | D        | Identified the ring of Yhaff {rPois AC+4 Dex+2} (You bought
                  | it in a shop in the Dungeon)
    94 | D        | Bought a fine brass amulet for 45 gold pieces
    94 | D        | Identified the amulet "Wesug" {rC- Regen+ Int+6} (You
                  | bought it in a shop in the Dungeon)
   159 | D        | Arena points: 12 (+12) [x2]
   212 | D        | Round 2.
   231 | D        | Reached ** piety under Qazlal
   240 | D        | Arena points: 48 (+36) [x3]
   278 | D        | Round 3.
   283 | D        | Reached *** piety under Qazlal
   284 | D        | Gained mutation: You may rarely emit foul miasma when
                  | damaged in melee. [demonic ancestry]
   284 | D        | Reached XP level 6. HP: 49/49 MP: 7/11
   371 | D        | Reached **** piety under Qazlal
   371 | D        | Arena points: 132 (+84) [x4]
   372 | D        | Reached skill level 5 in Fighting
   372 | D        | Gained mutation: You are mostly covered in razor-sharp
                  | scales. (AC +2, Slay +2) [demonic ancestry]
   372 | D        | Reached XP level 7. HP: 55/56 MP: 13/13
   432 | D        | Round 4.
   433 | D        | Noticed a two-headed ogre
   436 | D        | Killed a two-headed ogre
   437 | D        | Reached skill level 1 in Shields
   437 | D        | Reached skill level 10 in Invocations
   437 | D        | Gained mutation: You sometimes emit foul miasma when
                  | damaged in melee. [demonic ancestry]
   437 | D        | Reached XP level 8. HP: 64/64 MP: 7/15
   445 | D        | Reached skill level 10 in Long Blades
   503 | D        | Reached ***** piety under Qazlal
   504 | D        | Reached skill level 5 in Armour
   530 | D        | Noticed a two-headed ogre
   537 | D        | Killed a two-headed ogre
   537 | D        | Arena points: 312 (+180) [x5]
   538 | D        | Gained mutation: You are completely covered in razor-sharp
                  | scales. (AC +3, Slay +3) [demonic ancestry]
   538 | D        | Reached XP level 9. HP: 24/73 MP: 14/18
   611 | D        | Round 5.
   625 | D        | Noticed a witch
   636 | D        | Noticed a four-headed hydra
   643 | D        | Noticed a goliath frog
   646 | D        | Killed a witch
   646 | D        | Arena points: 592 (+280) [x7]
   649 | D        | Got a decaying rune of Zot
   651 | D        | Gained mutation: You regenerate magic rapidly. [demonic
                  | ancestry]
   651 | D        | Reached XP level 10. HP: 55/83 MP: 17/19
   709 | D        | Bought a glittering steel ring for 45 gold pieces
   709 | D        | Identified the ring "Sonnesch" {rN+ Will+ Str+3 Int-5} (You
                  | bought it in a shop in the Dungeon)
   709 | D        | Bought a scorched wooden ring for 45 gold pieces
   709 | D        | Identified the ring of Siym {rElec rPois rF- Str+6 Stlth+}
                  | (You bought it in a shop in the Dungeon)
   709 | D        | Bought a pitted marble ring for 45 gold pieces
   709 | D        | Identified the ring of Tyfup {AC+4 Dex+9} (You bought it in
                  | a shop in the Dungeon)
   723 | D        | Bought a pair of crude gloves for 332 gold pieces
   723 | D        | Identified the +1 pair of gloves of the Cockroach {Drain
                  | rPois Will+++ Int+3} (You bought it in a shop in the
                  | Dungeon)
   752 | D        | Bought 4 potions of curing for 84 gold pieces
   752 | D        | Bought 3 potions of heal wounds for 105 gold pieces
   802 | D        | Round 6.
   807 | D        | Paralysed by an air elemental for 1 turns
   812 | D        | Paralysed by an air elemental for 1 turns
   816 | D        | Paralysed by an air elemental for 1 turns
   821 | D        | Paralysed by an air elemental for 1 turns
   826 | D        | Reached skill level 1 in Stealth
   826 | D        | Paralysed by an air elemental for 1 turns
   828 | D        | Paralysed by an air elemental for 1 turns
   874 | D        | Arena points: 640 (+48) [x1]
   889 | D        | Round 7.
   920 | D        | Noticed an eidolon
   930 | D        | Killed an eidolon
   949 | D        | Reached XP level 11. HP: 83/90 MP: 7/21
   954 | D        | Arena points: 752 (+112) [x2]
   969 | D        | Round 8.
   973 | D        | Noticed a two-headed ogre
   983 | D        | Noticed Erolcha
   984 | D        | Killed a two-headed ogre
   985 | D        | Reached skill level 10 in Fighting
   985 | D        | Reached skill level 15 in Invocations
   987 | D        | Noticed a two-headed ogre
   992 | D        | Killed Erolcha
   999 | D        | Killed a two-headed ogre
  1001 | D        | Noticed a two-headed ogre
  1013 | D        | Killed a two-headed ogre
  1013 | D        | Noticed a two-headed ogre
  1020 | D        | Killed a two-headed ogre
  1021 | D        | Reached skill level 10 in Armour
  1021 | D        | Reached skill level 5 in Shields
  1023 | D        | Reached ****** piety under Qazlal
  1034 | D        | Arena points: 992 (+240) [x3]
  1102 | D        | Round 9.
  1105 | D        | Paralysed by an air elemental for 1 turns
  1107 | D        | Paralysed by an air elemental for 1 turns
  1111 | D        | Paralysed by an air elemental for 1 turns
  1117 | D        | Paralysed by an air elemental for 1 turns
  1130 | D        | Paralysed by an air elemental for 1 turns
  1135 | D        | Paralysed by an air elemental for 1 turns
  1180 | D        | Paralysed by an air elemental for 1 turns
  1242 | D        | Arena points: 1352 (+360) [x4]
  1302 | D        | Round 10.
  1319 | D        | Noticed a merfolk impaler
  1321 | D        | Reached skill level 10 in Dodging
  1323 | D        | Killed a merfolk impaler
  1334 | D        | Noticed a dimme
  1360 | D        | Killed a dimme
  1360 | D        | Arena points: 1952 (+600) [x6]
  1363 | D        | Got a barnacled rune of Zot
  1370 | D        | Gained mutation: You frequently emit foul miasma when
                  | damaged in melee. [demonic ancestry]
  1370 | D        | Reached XP level 12. HP: 102/102 MP: 11/25
  1391 | D        | Bought a vibrating ivory ring for 45 gold pieces
  1391 | D        | Identified the ring "Wuiqeuvu" {rElec rF- AC+4 Str+2 SInv}
                  | (You bought it in a shop in the Dungeon)
  1391 | D        | Bought a wavering bone ring for 45 gold pieces
  1391 | D        | Identified the ring of Wuheatam {+Blink Fly MP+9 Str+4
                  | Slay+2 Stlth-} (You bought it in a shop in the Dungeon)
  1391 | D        | Bought a wavering lapis lazuli ring for 45 gold pieces
  1391 | D        | Identified the ring "Jihux" {Wiz Will+ Stlth+} (You bought
                  | it in a shop in the Dungeon)
  1391 | D        | Bought a steaming wooden ring for 45 gold pieces
  1391 | D        | Identified the ring of Summertime {rCorr EV+5 Dex+5} (You
                  | bought it in a shop in the Dungeon)
  1391 | D        | Bought a crude gossamer ring for 45 gold pieces
  1391 | D        | Identified the ring "Ytifoz" {rC+ Will+ EV+5} (You bought
                  | it in a shop in the Dungeon)
  1391 | D        | Bought a clouded gossamer ring for 45 gold pieces
  1391 | D        | Identified the ring of Midnight {Fire *Slow rPois Str+8
                  | Int-5} (You bought it in a shop in the Dungeon)
  1391 | D        | Bought a coiled iron ring for 45 gold pieces
  1391 | D        | Identified the ring "Lipneenu" {Ice Dex+6} (You bought it
                  | in a shop in the Dungeon)
  1391 | D        | Bought a brightly glowing wooden ring for 45 gold pieces
  1391 | D        | Identified the ring "Coukorr" {rPois rF+++ rN+ Will-} (You
                  | bought it in a shop in the Dungeon)
  1391 | D        | Bought a crude granite ring for 45 gold pieces
  1391 | D        | Identified the ring of Mudi {Will+ MP+9} (You bought it in
                  | a shop in the Dungeon)
  1391 | D        | Bought a twitching glass ring for 45 gold pieces
  1391 | D        | Identified the ring of Domuff {rC+ Slay+2} (You bought it
                  | in a shop in the Dungeon)
  1399 | D        | Bought a distressingly furry cloak for 332 gold pieces
  1399 | D        | Identified the +0 cloak "Ovysil" {Harm rElec rPois rF+}
                  | (You bought it in a shop in the Dungeon)
  1399 | D        | Bought a pair of warped boots for 332 gold pieces
  1399 | D        | Identified the +2 pair of boots "Jemn" {rElec} (You bought
                  | it in a shop in the Dungeon)
  1569 | D        | Round 11.
  1591 | D        | Noticed Louise
  1606 | D        | Noticed a six-headed hydra
  1616 | D        | Killed Louise
  1617 | D        | Gained mutation: You have claws for hands. [demonic
                  | ancestry]
  1617 | D        | Reached XP level 13. HP: 74/86 MP: 16/26
  1630 | D        | Noticed Kirke
  1639 | D        | Killed Kirke
  1717 | D        | Reached skill level 15 in Long Blades
  1725 | D        | Arena points: 2953 (+1001) [x7]
  1744 | D        | Round 12.
  1774 | D        | Noticed a nagaraja
  1791 | D        | Killed a nagaraja
  1808 | D        | Bought a +0 demon blade for 450 gold pieces
  1864 | D        | Bought 4 scrolls of enchant armour for 300 gold pieces
  1887 | D        | Arena points: 3913 (+960) [x8]
  1906 | D        | Bought 8 scrolls of enchant weapon for 600 gold pieces
  1957 | D        | Round 13.
  2081 | D        | Arena points: 5317 (+1404) [x9]
  2096 | D        | Bought a scroll of enchant weapon for 75 gold pieces
  2096 | D        | Bought a scroll of brand weapon for 95 gold pieces
  2125 | D        | Round 14.
  2184 | D        | Arena points: 6857 (+1540) [x10]
  2199 | D        | Round 15.
  2202 | D        | Noticed Fannar
  2222 | D        | Killed Fannar
  2222 | D        | Arena points: 8837 (+1980) [x12]
  2228 | D        | Got an elven rune of Zot
  2247 | D        | Bought a warped cloak for 332 gold pieces
  2247 | D        | Identified the +0 cloak of the Sky {Will- Int+3 Slay+5}
                  | (You bought it in a shop in the Dungeon)
  2247 | D        | Bought a steaming hat for 315 gold pieces
  2247 | D        | Identified the +0 hat of Poor Excuses {Rampage +Inv Str+3
                  | Slay+2} (You bought it in a shop in the Dungeon)
  2247 | D        | Bought a heavily runed helmet for 332 gold pieces
  2247 | D        | Identified the +2 helmet of Fun {Regen+ rCorr Dex+2} (You
                  | bought it in a shop in the Dungeon)
  2247 | D        | Bought a pair of heavily runed boots for 332 gold pieces
  2247 | D        | Identified the +5 pair of boots of Wiula {Dex+3} (You
                  | bought it in a shop in the Dungeon)
  2307 | D        | Bought 2 potions of experience for 600 gold pieces
  2307 | D        | Reached XP level 14. HP: 121/121 MP: 30/30
  2308 | D        | Reached skill level 15 in Fighting
  2308 | D        | Reached XP level 15. HP: 129/129 MP: 31/31
  2309 | D        | Reached XP level 16. HP: 138/138 MP: 32/32
  2397 | D        | Round 16.
  2402 | D        | Reached XP level 17. HP: 148/148 MP: 25/33
  2425 | D        | Arena points: 11957 (+3120) [x13]
  2460 | D        | Round 17.
  2474 | D        | Gained mutation: You are clumsy. (Dex -2) [a shining eye]
  2527 | D        | Gained mutation: You occasionally shout uncontrollably at
                  | your foes. [a shining eye]
  2530 | D        | Gained mutation: You are frail. (-10% HP) [a shining eye]
  2531 | D        | Gained mutation: You are weak. (Str -2) [a shining eye]
  2536 | D        | Reached skill level 27 in Invocations
  2540 | D        | Gained mutation: You are dopey. (Int -2) [a shining eye]
  2544 | D        | Gained mutation: You have sharp toenails. [a shining eye]
  2544 | D        | Gained mutation: You are vulnerable to heat. (rF-) [a
                  | shining eye]
  2545 | D        | Gained mutation: You have a pair of small horns on your
                  | head. [a shining eye]
  2546 | D        | Gained mutation: Your body sometimes deteriorates upon
                  | taking damage. [a shining eye]
  2546 | D        | Gained mutation: Your magical capacity is low. (-10% MP) [a
                  | shining eye]
  2561 | D        | Gained mutation: Your body often deteriorates upon taking
                  | damage. [a shining eye]
  2569 | D        | Gained mutation: You are very weak. (Str -4) [a shining
                  | eye]
  2571 | D        | Arena points: 15765 (+3808) [x14]
  2594 | D        | Bought 3 potions of mutation for 168 gold pieces
  2594 | D        | Bought 2 potions of mutation for 112 gold pieces
  2594 | D        | Bought a potion of mutation for 56 gold pieces
  2596 | D        | Bought a potion of mutation for 56 gold pieces
  2596 | D        | Bought 3 potions of mutation for 168 gold pieces
  2596 | D        | Bought 2 potions of mutation for 112 gold pieces
  2596 | D        | Bought a potion of mutation for 56 gold pieces
  2596 | D        | Lost mutation: You are frail. (-10% HP) [potion of
                  | mutation]
  2596 | D        | Lost mutation: You have a pair of small horns on your head.
                  | [potion of mutation]
  2596 | D        | Lost mutation: Your body often deteriorates upon taking
                  | damage. [potion of mutation]
  2596 | D        | Gained mutation: Your body often deteriorates upon taking
                  | damage. [potion of mutation]
  2596 | D        | Gained mutation: Your flesh is cold resistant. (rC+)
                  | [potion of mutation]
  2596 | D        | Gained mutation: You expend magic power (3 MP) to
                  | strengthen your wands. [potion of mutation]
  2597 | D        | Lost mutation: You occasionally shout uncontrollably at
                  | your foes. [potion of mutation]
  2597 | D        | Lost mutation: Your body often deteriorates upon taking
                  | damage. [potion of mutation]
  2597 | D        | Gained mutation: You occasionally lose the ability to read
                  | scrolls when taking damage. [potion of mutation]
  2597 | D        | Lost mutation: You are very weak. (Str -4) [potion of
                  | mutation]
  2598 | D        | Lost mutation: You occasionally lose the ability to read
                  | scrolls when taking damage. [potion of mutation]
  2598 | D        | Lost mutation: Your body sometimes deteriorates upon taking
                  | damage. [potion of mutation]
  2598 | D        | Gained mutation: Your system is resistant to poisons.
                  | (rPois) [potion of mutation]
  2598 | D        | Lost mutation: You are weak. (Str -2) [potion of mutation]
  2598 | D        | Gained mutation: Your spells are a little harder to cast,
                  | but a little more powerful. [potion of mutation]
  2599 | D        | Lost mutation: You are dopey. (Int -2) [potion of mutation]
  2599 | D        | Lost mutation: Your magical capacity is low. (-10% MP)
                  | [potion of mutation]
  2599 | D        | Lost mutation: You are vulnerable to heat. (rF-) [potion of
                  | mutation]
  2599 | D        | Gained mutation: You occasionally shout uncontrollably at
                  | your foes. [potion of mutation]
  2599 | D        | Gained mutation: You have a pair of small antennae on your
                  | head. [potion of mutation]
  2600 | D        | Lost mutation: You expend magic power (3 MP) to strengthen
                  | your wands. [potion of mutation]
  2600 | D        | Lost mutation: Your system is resistant to poisons. (rPois)
                  | [potion of mutation]
  2600 | D        | Lost mutation: You occasionally shout uncontrollably at
                  | your foes. [potion of mutation]
  2600 | D        | Gained mutation: Your mind is acute. (Int +4, Str/Dex -1)
                  | [potion of mutation]
  2601 | D        | Lost mutation: You have a pair of small antennae on your
                  | head. [potion of mutation]
  2601 | D        | Lost mutation: Your flesh is cold resistant. (rC+) [potion
                  | of mutation]
  2601 | D        | Lost mutation: You are clumsy. (Dex -2) [potion of
                  | mutation]
  2601 | D        | Gained mutation: You are frail. (-10% HP) [potion of
                  | mutation]
  2601 | D        | Gained mutation: You have razor-sharp toenails. [potion of
                  | mutation]
  2602 | D        | Lost mutation: You have razor-sharp toenails. [potion of
                  | mutation]
  2602 | D        | Lost mutation: Your mind is acute. (Int +4, Str/Dex -1)
                  | [potion of mutation]
  2602 | D        | Lost mutation: You are frail. (-10% HP) [potion of
                  | mutation]
  2632 | D        | Bought 3 potions of experience for 900 gold pieces
  2632 | D        | Gained mutation: When hurt, damage is shared between your
                  | health and your magic reserves. [demonic ancestry]
  2632 | D        | Reached XP level 18. HP: 163/163 MP: 35/35
  2633 | D        | Reached skill level 10 in Shields
  2633 | D        | Gained mutation: Your magical and physical power is
                  | slightly enhanced at high health. [demonic ancestry]
  2633 | D        | Reached XP level 19. HP: 170/170 MP: 36/36
  2634 | D        | Gained mutation: When low on magic, you restore magic in
                  | place of health. [demonic ancestry]
  2634 | D        | Reached XP level 20. HP: 177/177 MP: 37/37
  2645 | D        | Round 18.
  2671 | D        | Noticed a bone dragon
  2687 | D        | Noticed a bone dragon
  2688 | D        | Noticed a profane servitor
  2690 | D        | Killed a bone dragon
  2704 | D        | Killed a profane servitor
  2711 | D        | Killed a bone dragon
  2771 | D        | Noticed a profane servitor
  2771 | D        | Noticed a bone dragon
  2774 | D        | Noticed a bone dragon
  2787 | D        | Killed a profane servitor
  2802 | D        | Killed a bone dragon
  2814 | D        | Killed a bone dragon
  2814 | D        | Arena points: 19005 (+3240) [x15]
  2854 | D        | Round 19.
  2985 | D        | Arena points: 23869 (+4864) [x16]
  3038 | D        | Bought 3 potions of experience for 900 gold pieces
  3038 | D        | Bought a potion of experience for 300 gold pieces
  3038 | D        | Bought a potion of experience for 300 gold pieces
  3040 | D        | Gained mutation: Your magical and physical power is
                  | enhanced at high health. [demonic ancestry]
  3040 | D        | Reached XP level 21. HP: 198/198 MP: 38/38
  3041 | D        | Reached XP level 22. HP: 206/206 MP: 39/39
  3042 | D        | Reached XP level 23. HP: 213/213 MP: 40/40
  3043 | D        | Reached XP level 24. HP: 221/221 MP: 40/40
  3044 | D        | Gained mutation: Your magical and physical power is greatly
                  | enhanced at high health. [demonic ancestry]
  3044 | D        | Reached XP level 25. HP: 228/228 MP: 40/40
  3052 | D        | Round 20.
  3084 | D        | Arena points: 28549 (+4680) [x18]
  3087 | D        | Got a slimy rune of Zot
  3088 | D        | Reached XP level 26. HP: 216/237 MP: 33/40
  3107 | D        | Bought a spiked buckler for 332 gold pieces
  3107 | D        | Identified the +0 buckler of Repulsion {rPois rN+ Will-
                  | Dex+3} (You bought it in a shop in the Dungeon)
  3107 | D        | Bought a masterwork tower shield for 332 gold pieces
  3107 | D        | Identified the +2 tower shield of Duaw Qoh {rPois rF- rCorr
                  | Int+4} (You bought it in a shop in the Dungeon)
  3107 | D        | Bought an ichor-stained kite shield for 332 gold pieces
  3107 | D        | Identified the +1 kite shield of Gravity {Will+ MP+9} (You
                  | bought it in a shop in the Dungeon)
  3107 | D        | Bought a masterwork buckler for 332 gold pieces
  3107 | D        | Identified the +0 buckler of the Eight Boll Weevils {rF+
                  | rCorr Int+3} (You bought it in a shop in the Dungeon)
  3294 | D        | Round 21.
  3427 | D        | Arena points: 36130 (+7581) [x19]
  3428 | D        | Reached skill level 27 in Fighting
  3483 | D        | Round 22.
  3533 | D        | Reached skill level 15 in Armour
  3579 | D        | Arena points: 43170 (+7040) [x20]
  3641 | D        | Round 23.
  3669 | D        | Reached skill level 15 in Shields
  3781 | D        | Arena points: 52830 (+9660) [x21]
  3794 | D        | Bought 4 potions of curing for 84 gold pieces
  3794 | D        | Bought 4 potions of curing for 84 gold pieces
  3794 | D        | Bought 4 potions of curing for 84 gold pieces
  3794 | D        | Bought 4 potions of curing for 84 gold pieces
  3794 | D        | Bought 3 potions of heal wounds for 105 gold pieces
  3794 | D        | Bought 3 potions of heal wounds for 105 gold pieces
  3794 | D        | Bought 3 potions of heal wounds for 105 gold pieces
  3794 | D        | Bought 3 potions of heal wounds for 105 gold pieces
  3794 | D        | Bought 3 potions of heal wounds for 105 gold pieces
  3794 | D        | Bought 3 potions of heal wounds for 105 gold pieces
  3794 | D        | Bought 3 potions of heal wounds for 105 gold pieces
  3794 | D        | Bought 3 potions of heal wounds for 105 gold pieces
  3794 | D        | Bought 3 potions of heal wounds for 105 gold pieces
  3794 | D        | Bought 3 potions of heal wounds for 105 gold pieces
  3794 | D        | Bought 3 potions of heal wounds for 105 gold pieces
  3820 | D        | Bought 6 potions of magic for 336 gold pieces
  3820 | D        | Bought 6 potions of resistance for 420 gold pieces
  3820 | D        | Bought 6 potions of resistance for 420 gold pieces
  3820 | D        | Bought 6 potions of might for 168 gold pieces
  3845 | D        | Round 24.
  4006 | D        | Arena points: 62334 (+9504) [x22]
  4007 | D        | Reached skill level 15 in Dodging
  4049 | D        | Bought 4 scrolls of enchant armour for 300 gold pieces
  4049 | D        | Bought 5 scrolls of blinking for 375 gold pieces
  4049 | D        | Bought 3 scrolls of blinking for 225 gold pieces
  4049 | D        | Bought 3 scrolls of silence for 285 gold pieces
  4051 | D        | Bought 4 scrolls of enchant armour for 300 gold pieces
  4067 | D        | Round 25.
  4087 | D        | Noticed Mara
  4101 | D        | Killed Mara
  4101 | D        | Arena points: 70734 (+8400) [x24]
  4104 | D        | Got a silver rune of Zot
  4106 | D        | Reached XP level 27. HP: 249/249 MP: 40/40
  4148 | D        | Bought Ozocubu's Autobiography for 168 gold pieces
  4148 | D        | Bought a Necronomicon for 378 gold pieces
  4148 | D        | Bought a Grand Grimoire for 238 gold pieces
  4148 | D        | Bought a book of Annihilations for 420 gold pieces
  4310 | D        | Round 26.
  4319 | D        | Reached skill level 1 in Spellcasting
  4434 | D        | Arena points: 81784 (+11050) [x25]
  4507 | D        | Round 27.
  4516 | D        | Reached skill level 5 in Spellcasting
  4538 | D        | Noticed an orb of fire
  4549 | D        | Found the +4 dragonskin cloak
  4549 | D        | Noticed Tiamat
  4550 | D        | Gained mutation: Your body sometimes deteriorates upon
                  | taking damage. [an orb of fire]
  4553 | D        | Gained mutation: You are frail. (-10% HP) [an orb of fire]
  4555 | D        | Killed an orb of fire
  4574 | D        | Noticed an ancient lich
  4582 | D        | Killed Tiamat
  4614 | D        | Killed an ancient lich
  4637 | D        | Reached skill level 10 in Spellcasting
  4659 | D        | Arena points: 96526 (+14742) [x26]
  4716 | D        | Bought 5 potions of heal wounds for 500 gold pieces
  4716 | D        | Bought 5 potions of heal wounds for 500 gold pieces
  4716 | D        | Bought a quad damage for 400 gold pieces
  4716 | D        | Bought a quad damage for 400 gold pieces
  4716 | D        | Bought a quad damage for 400 gold pieces
  4782 | D        | Lost mutation: You have sharp toenails. [potion of
                  | mutation]
  4782 | D        | Lost mutation: Your body sometimes deteriorates upon taking
                  | damage. [potion of mutation]
  4782 | D        | Lost mutation: Your spells are a little harder to cast, but
                  | a little more powerful. [potion of mutation]
  4782 | D        | Gained mutation: You are resistant to electric shocks.
                  | (rElec) [potion of mutation]
  4782 | D        | Gained mutation: You are strong-willed. (Will+) [potion of
                  | mutation]
  4782 | D        | Gained mutation: You expend magic power (3 MP) to
                  | strengthen your wands. [potion of mutation]
  4783 | D        | Lost mutation: You are frail. (-10% HP) [potion of
                  | mutation]
  4783 | D        | Lost mutation: You expend magic power (3 MP) to strengthen
                  | your wands. [potion of mutation]
  4783 | D        | Gained mutation: You have an increased reservoir of magic.
                  | (+10% MP) [potion of mutation]
  4783 | D        | Gained mutation: You are agile. (Dex +4, Str/Int -1)
                  | [potion of mutation]
  4866 | D        | Round 28.
  5009 | D        | Reached skill level 27 in Long Blades
  5026 | D        | Arena points: 111646 (+15120) [x27]
  5090 | D        | Round 29.
  5164 | D        | Noticed Geryon
  5179 | D        | Killed Geryon
  5249 | D        | Arena points: 130322 (+18676) [x28]
  5287 | D        | Round 30.
  5295 | D        | Bought a scroll of brand weapon for 95 gold pieces
  5295 | D        | Bought 5 scrolls of fog for 200 gold pieces
  5295 | D        | Bought 4 scrolls of fog for 160 gold pieces
  5295 | D        | Bought 3 scrolls of fog for 120 gold pieces
  5295 | D        | Bought 4 scrolls of blinking for 300 gold pieces
  5296 | D        | Bought 4 scrolls of enchant armour for 300 gold pieces
  5296 | D        | Bought 8 scrolls of enchant weapon for 600 gold pieces
  5296 | D        | Bought 3 scrolls of silence for 285 gold pieces
  5296 | D        | Bought 5 scrolls of blinking for 375 gold pieces
  5296 | D        | Bought 4 scrolls of blinking for 300 gold pieces
  5296 | D        | Bought 3 scrolls of blinking for 225 gold pieces
  5296 | D        | Bought 5 scrolls of fog for 200 gold pieces
  5296 | D        | Bought 4 scrolls of fog for 160 gold pieces
  5308 | D        | Noticed Gloorx Vloq
  5326 | D        | Killed Gloorx Vloq
  5326 | D        | Arena points: 144722 (+14400) [x30]
  5327 | D        | Got a dark rune of Zot
  5489 | D        | Bought 6 potions of resistance for 420 gold pieces
  5489 | D        | Bought 6 potions of might for 168 gold pieces
  5489 | D        | Bought 5 potions of haste for 350 gold pieces
  5489 | D        | Bought 4 potions of haste for 280 gold pieces
  5489 | D        | Bought 3 potions of haste for 210 gold pieces
  5493 | D        | Round 31.
  5543 | D        | Reached skill level 27 in Armour
  5644 | D        | Arena points: 168747 (+24025) [x31]
  5708 | D        | Round 32.
  5846 | D        | Reached skill level 27 in Dodging
  5907 | D        | Arena points: 191275 (+22528) [x32]
  5929 | D        | Round 33.
  5937 | D        | Noticed Lom Lobon
  5942 | D        | Killed Lom Lobon
  5942 | D        | Arena points: 210349 (+19074) [x34]
  6027 | D        | Got a magical rune of Zot
  6071 | D        | Bought a book of Vapours for 182 gold pieces
  6071 | D        | Bought a book of Touch for 154 gold pieces
  6071 | D        | Bought a book of Blasting for 196 gold pieces
  6071 | D        | Bought a book of the Moon for 280 gold pieces
  6071 | D        | Bought a book of Chaos for 350 gold pieces
  6071 | D        | Bought a book of Power for 294 gold pieces
  6071 | D        | Bought a book of Burglary for 140 gold pieces
  6071 | D        | Bought a book of the Earth for 252 gold pieces
  6071 | D        | Bought a book of Displacement for 154 gold pieces
  6071 | D        | Bought a book of Death for 308 gold pieces
  6071 | D        | Bought a book of Hexes for 252 gold pieces
  6071 | D        | Bought a book of Spatial Translocations for 126 gold pieces
  6071 | D        | Bought a book of the Wilderness for 266 gold pieces
  6132 | D        | Round 34.
  6270 | D        | Reached skill level 27 in Shields
  6279 | D        | Reached skill level 15 in Spellcasting
  6287 | D        | Arena points: 242479 (+32130) [x35]
  6338 | D        | Round 35.
  6472 | D        | Arena points: 276499 (+34020) [x36]
  6506 | D        | Bought a potion of curing for 60 gold pieces
  6506 | D        | Bought 5 potions of haste for 1000 gold pieces
  6506 | D        | Bought 5 potions of haste for 1000 gold pieces
  6507 | D        | Bought a Young Poisoner's Handbook for 300 gold pieces
  6507 | D        | Bought a potion of brilliance for 60 gold pieces
  6507 | D        | Bought a potion of haste for 150 gold pieces
  6518 | D        | Round 36.
  6531 | D        | Noticed Antaeus
  6542 | D        | Noticed a dread lich
  6579 | D        | Killed Antaeus
  6579 | D        | Identified the +6 demon blade of Conscience {pain, rF++}
                  | (You found it in the Dungeon)
  6579 | D        | Arena points: 301123 (+24624) [x38]
  6582 | D        | Got an icy rune of Zot
  6589 | D        | Learned a level 2 spell: Blink
  6595 | D        | Learned a level 5 spell: Silence
  6603 | D        | Learned a level 7 spell: Enfeeble
  6620 | D        | Learned a level 8 spell: Discord
  6630 | D        | Learned a level 9 spell: Death's Door
  6640 | D        | Bought a potion of enlightenment for 35 gold pieces
  6640 | D        | Bought 6 potions of magic for 336 gold pieces
  6640 | D        | Bought 6 potions of magic for 336 gold pieces
  6640 | D        | Bought 6 potions of resistance for 420 gold pieces
  6640 | D        | Bought 6 potions of brilliance for 168 gold pieces
  6642 | D        | Bought a potion of curing for 21 gold pieces
  6642 | D        | Bought 6 potions of magic for 336 gold pieces
  6642 | D        | Bought 6 potions of brilliance for 168 gold pieces
  6642 | D        | Bought 5 potions of haste for 350 gold pieces
  6642 | D        | Bought 4 potions of haste for 280 gold pieces
  6642 | D        | Bought 3 potions of haste for 210 gold pieces
  6769 | D        | Round 37.
  6789 | D        | Reached skill level 1 in Hexes
  6789 | D        | Reached skill level 1 in Necromancy
  6800 | D        | Reached skill level 1 in Ranged Weapons
  6800 | D        | Reached skill level 1 in Translocations
  6800 | D        | Reached skill level 1 in Air Magic
  6902 | D        | Reached skill level 5 in Necromancy
  6909 | D        | Reached skill level 5 in Hexes
  6915 | D        | Reached skill level 5 in Ranged Weapons
  6917 | D        | Reached skill level 5 in Translocations
  6917 | D        | Reached skill level 5 in Air Magic
  6957 | D        | Arena points: 338641 (+37518) [x39]
  6994 | D        | Round 38.
  7128 | D        | Reached skill level 10 in Necromancy
  7139 | D        | Arena points: 376641 (+38000) [x40]
  7208 | D        | Round 39.
  7212 | D        | Noticed Dispater
  7235 | D        | Reached skill level 10 in Hexes
  7236 | D        | Killed Dispater
  7236 | D        | Arena points: 407763 (+31122) [x42]
  7237 | D        | Reached skill level 10 in Ranged Weapons
  7237 | D        | Got an iron rune of Zot
  7405 | D        | Round 40.
  7410 | D        | Noticed a royal mummy
  7410 | D        | Noticed a royal mummy
  7420 | D        | Killed a royal mummy
  7421 | D        | Reached skill level 5 in Evocations
  7421 | D        | Noticed a royal mummy
  7423 | D        | Noticed a royal mummy
  7424 | D        | Killed a royal mummy
  7431 | D        | Killed a royal mummy
  7435 | D        | Noticed a royal mummy
  7439 | D        | Noticed a royal mummy
  7440 | D        | Killed a royal mummy
  7446 | D        | Killed a royal mummy
  7447 | D        | Reached skill level 10 in Evocations
  7447 | D        | Noticed a royal mummy
  7460 | D        | Killed a royal mummy
  7474 | D        | Killed a royal mummy
  7477 | D        | Noticed a royal mummy
  7492 | D        | Killed a royal mummy
  7495 | D        | Noticed a royal mummy
  7499 | D        | Noticed a royal mummy
  7501 | D        | Noticed a royal mummy
  7503 | D        | Killed a royal mummy
  7503 | D        | Killed a royal mummy
  7503 | D        | HP: 12/249 [something (7)]
  7503 | D        | HP: 5/249 [something (7)]
  7504 | D        | Reached skill level 15 in Evocations
  7507 | D        | Killed a royal mummy
  7508 | D        | Reached skill level 27 in Spellcasting
  7516 | D        | Noticed a royal mummy
  7520 | D        | Noticed a royal mummy
  7526 | D        | Noticed a royal mummy
  7527 | D        | Killed a royal mummy
  7527 | D        | Killed a royal mummy
  7528 | D        | Reached skill level 10 in Translocations
  7528 | D        | Reached skill level 10 in Air Magic
  7529 | D        | Killed a royal mummy
  7566 | D        | Arena points: 454203 (+46440) [x43]
  7620 | D        | Round 41.
  7697 | D        | Reached skill level 15 in Necromancy
  7737 | D        | Arena points: 484871 (+30668) [x44]
  7738 | D        | Reached skill level 15 in Hexes
  7752 | D        | Round 42.
  7752 | D        | Noticed Quutuu the pandemonium lord
  7759 | D        | Noticed Master Blaster
  7765 | D        | Noticed Ynwoshrala the pandemonium lord
  7766 | D        | Killed Quutuu the pandemonium lord
  7773 | D        | Noticed Kiutt the pandemonium lord
  7775 | D        | Killed Kiutt the pandemonium lord
  7783 | D        | Killed Ynwoshrala the pandemonium lord
  7787 | D        | Killed Master Blaster
  7787 | D        | Arena points: 523511 (+38640) [x46]
  7796 | D        | Got a demonic rune of Zot
  8242 | D        | Got the Orb of Zot
  8251 | D        | Noticed Xajylib the pandemonium lord
  8262 | D        | Killed Xajylib the pandemonium lord
  8351 | D        | Noticed Goug the pandemonium lord
  8362 | D        | Killed Goug the pandemonium lord
  8743 | D        | Quit the game

Illustrated notes

Levels and vault maps discovered:
D:        arena_sprint

Skill      XL: |  1  2  3  4  5  6  7  8  9 10 11 12 13 14 15 16 17 18 19 20 21 22 23 24 25 26 27 |
---------------+----------------------------------------------------------------------------------+-----
Long Blades    | 6 7 8 9 11 12 14 16 20 27 | 27.0
Dodging        | 5 6 7 8 9 10 11 12 13 15 27 | 27.0
Fighting       | 3 4 5 6 7 9 12 14 15 17 20 25 27 | 27.0
Throwing       | 3 |  3.3
Armour         | 1 2 3 4 6 7 9 10 12 13 14 16 27 | 27.0
Invocations    | 5 7 8 10 12 14 18 19 24 25 27 | 27.0
Evocations     | 1 23 | 23.6
Shields        | 1 2 3 4 5 6 9 10 11 20 27 | 27.0
Stealth        | 2 |  2.3
Spellcasting   | 27 | 27.0
Hexes          | 20 | 20.6
Necromancy     | 22 | 22.3
Ranged Weapons | 10 | 10.0
Translocations | 19 | 19.0
Air Magic      | 19 | 19.0

Action                     |  1- 3 |  4- 6 |  7- 9 | 10-12 | 13-15 | 16-18 | 19-21 | 22-24 | 25-27 || total
---------------------------+-------+-------+-------+-------+-------+-------+-------+-------+-------++-------
  Melee: Long sword        |     4 |    45 |    47 |   148 |    36 |       |       |       |       ||   280
         Punch             |       |       |       |     3 |       |       |       |       |       ||     3
         Demon blade       |       |       |       |       |   112 |    43 |   136 |       |  1367 ||  1658
   Fire: Hand cannon       |       |       |       |       |       |       |       |       |     7 ||     7
 Invoke: Upheaval          |       |     1 |     4 |    18 |    14 |     4 |       |       |    14 ||    55
         Disaster Area     |       |       |       |     4 |     2 |     3 |     1 |       |    38 ||    48
Ability: Evoke Damnation   |       |       |       |       |       |       |       |       |     1 ||     1
  Evoke: Wand              |     3 |     2 |       |       |       |       |       |       |       ||     5
    Use: Potion            |       |       |     2 |     3 |     4 |     9 |     3 |     3 |    47 ||    71
         Scroll            |       |       |       |       |    11 |       |       |       |    25 ||    36
   Stab: Confused          |       |       |     1 |       |       |       |       |       |       ||     1
 Armour: Leather armour    |     3 |       |       |       |       |       |       |       |       ||     3
         Chain mail        |       |    37 |    20 |   155 |    79 |    19 |   105 |       |   176 ||   591
         Gold dragon scale |       |       |       |       |       |       |       |       |   340 ||   340
  Dodge: Dodged            |     2 |    18 |    14 |    84 |    54 |    15 |    60 |       |   611 ||   858
         Repelled          |       |       |       |     7 |     3 |       |       |       |    28 ||    38
  Block: Other             |       |     7 |    12 |    26 |       |       |       |       |       ||    45
         Buckler           |       |       |       |    25 |    76 |    29 |    96 |       |     1 ||   227
         Kite shield       |       |       |       |       |       |       |       |       |  1483 ||  1483

Table legend: (Time is in decaauts)
 A = Elapsed time spent in this place.
 B = Non-inter-level travel time spent in this place.
 C = Inter-level travel time spent in this place.
 D = Time resting spent in this place.
 E = Time spent auto-exploring this place.
 F = Levels seen in this place.
 G = Mean time per level.
                   A        B        C        D        E       F      G
               +--------+--------+--------+--------+--------+-----+--------+
         Total |   8053 |   7975 |     78 |   2179 |    251 |   1 | 8053.0 |
       Dungeon |   8053 |   7975 |     78 |   2179 |    251 |   1 | 8053.0 |
               +--------+--------+--------+--------+--------+-----+--------+

Top non-repeatable levels by time:
       D: 8053 daAuts
